 Dungeon Crawl Stone Soup version 0.31-a0-1098-g6898e65 (webtiles) character file.

Game seed: 13835654979510915390

2788 tenshi1004 the Covert (level 9, -20/41 HPs)
             Began as a Felid Chaos Knight on Nov 30, 2023.
             Was a Plaything of Xom.
             Demolished by Maurice the torpor snail (22 damage)
             ... on level 7 of the Dungeon.
             The game lasted 00:11:52 (6755 turns).

tenshi1004 the Covert (Felid Chaos Knight)          Turns: 6755, Time: 00:11:53

Health: -20/41     AC:  6    Str:  8      XL:     9   Next: 43%
Magic:  0/10       EV: 22    Int: 13 (14) God:    Xom [*.....]
Gold:   0          SH:  4    Dex: 19      Spells: 8/8 levels left
                                        Lives:  0   Deaths: 3

rFire   . .          .
                       - Unarmed
rCold   + . .        (shield unavailable)
rNeg    . . .        (body armour unavailable)
rPois   +            (helmet unavailable)
rElec   .            (cloak unavailable)
rCorr   .            (gloves unavailable)
SInv    +            (boots unavailable)
Will    ++...        n - amulet of guardian spirit
Stlth   +++++        P - ring of poison resistance
HPRegen 0.26/turn    C - ring of protection from cold
MPRegen 0.12/turn

%: guardian spirit
@: slowed, slow
A: very small, claws 1, fangs 3, see invisible, speed 1, shaggy fur 2, stealthy
paws, no weapons or thrown items, no armour, multi-lived, iridescent scales 2,
large bone plates 1, deterioration 1, strong-willed 1, screaming 1
a: Renounce Religion


You were on level 7 of the Dungeon.
You worshipped Xom.
You were a special plaything of Xom.
You visited 2 branches of the dungeon, and saw 8 of its levels.


Innate Abilities, Weirdness & Mutations

You have sharp claws.
You have razor-sharp teeth.
You have supernaturally acute eyesight. (SInv)
You cover ground quickly. (Speed+)
You are covered in thick fur. (AC +2)
Your paws help you pounce on unaware monsters.
You are incapable of wielding weapons or throwing items.
You cannot wear armour.
You gain extra lives every three experience levels.
You are mostly covered in iridescent scales. (AC +4)
You are partially covered in large bone plates. (SH +4)
Your body sometimes deteriorates upon taking damage.
You are strong-willed. (Will+)
You occasionally shout uncontrollably at your foes.


   Skills:
 + Level 6.1 Fighting
 + Level 7.7 Dodging
 - Level 10.0 Stealth
 * Level 8.5 Unarmed Combat


You had 8 spell levels left.
You didn't know any spells.
Your spell library contained the following spells:

 Spells                   Type           Power      Damage    Failure   Level
 Apportation              Tloc           0%         N/A       30%         1
 Necrotise                Necr           0%         1d4       30%         1
 Sting                    Tmut/Pois      0%         1d3       30%         1
 Summon Small Mammal      Summ           0%         N/A       30%         1
 Poisonous Vapours        Pois/Air       0%         N/A       43%         2
 Sublimation of Blood     Necr           0%         N/A       43%         2
 Ozocubu's Armour         Ice            0%         N/A       67%         3
 Olgreb's Toxic Radiance  Pois           0%         N/A       97%         4
 Petrify                  Tmut/Erth      0%         N/A       97%         4
 Vhi's Electric Charge    Tloc/Air       0%         N/A       97%         4
 Arcjolt                  Conj/Air       0%         1d10      100%        5
 Irradiate                Conj/Tmut      0%         3d11      100%        5
 Plasma Beam              Fire/Air       0%         2x1d10    100%        6
 Malign Gateway           Summ/Tloc      0%         N/A       100%        7
 Ozocubu's Refrigeration  Ice            0%         4d7       100%        7
 Summon Horrible Things   Summ           0%         N/A       100%        8

Inventory:

Jewellery
 n - an amulet of guardian spirit (around neck)
 C - a ring of protection from cold (right paw)
 N - a ring of positive energy
 P - a ring of poison resistance (left paw)
Wands
 p - a wand of roots (4)
 u - a wand of flame (20)
 w - a wand of polymorph (2)
Scrolls
 b - 2 scrolls of revelation {unknown}
 d - a scroll of vulnerability {unknown}
 e - 2 scrolls of enchant armour {unknown}
 g - a scroll of immolation {unknown}
 h - a scroll of fog {unknown}
 j - 3 scrolls of teleportation {unknown}
 k - a scroll of amnesia {unknown}
 l - 2 scrolls of identify {unknown}
 m - 2 scrolls of blinking {unknown}
 q - a scroll of noise {unknown}
 r - 2 scrolls of brand weapon {unknown}
 s - a scroll of fear {unknown}
Potions
 a - 2 potions of might
 c - a potion of heal wounds {@q2}
 f - 5 potions of curing {unknown}
 i - a potion of haste {unknown}
 o - a potion of lignification {unknown}
 t - 2 potions of degeneration {unknown}
 v - a potion of brilliance {unknown}
 x - a potion of mutation {unknown}
 z - a potion of enlightenment {unknown}

Dungeon Overview and Level Annotations

Branches:
Dungeon (7/15)             Temple (1/1) D:7

Altars:
Ashenzari
Cheibriados
Dithmenos
Elyvilon
Kikubaaqudgha
Makhleb
Nemelex Xobeh
Ru
Sif Muna
Trog
Uskayaw
Vehumet
Wu Jian
Xom
Yredelemnul
Zin
Lugonu

Annotations:
D:4 2 transporters, SuckSex's ghost, amateur GrHu
D:6 Joseph
D:7 Maurice

# ############# ###### #
............########....# #
..............#.........# #
...............b........# #
#####..........b.....#### #
#...#..........b..).....#########
#...#.........))w.bb....#......##
#...##.....###..@..............##
'................)...............
#...##..........##..####.......##
#...##..........###'## ##......#
.#####..........###..###########
...........#######....##..##
.......##### ####..[.[[...#
.......### ##..##..##....#
.........# #....+░░░░░..####


You could see Maurice the torpor snail (ally target).


Message History

Maurice is moderately wounded.
Maurice completely misses you.
You claw Maurice!
Maurice is heavily wounded.
You claw Maurice!
Maurice is severely wounded.
Xom titters.
You are confused.
Maurice completely misses you. Maurice barely misses you.
Maurice attacks as it pursues you! Maurice closely misses you.
Maurice closely misses you. Maurice completely misses you.
Items here: $ ( )) / = [.
You feel less confused. Maurice closely misses you.
Items here: $ ( )) / = [.
You scratch Maurice but do no damage.
Maurice is heavily wounded.
Maurice bites you!!
* * * LOW HITPOINT WARNING * * *
You claw Maurice!
Maurice is severely wounded.
Maurice bites you!
* * * LOW HITPOINT WARNING * * *
A shower of butterflies erupts from you!
Maurice attacks as it pursues you! Maurice bites you!!
Ouch! That really hurt!
You die...
Xom snickers!

Skill      XL: |  1  2  3  4  5  6  7  8  9 |
---------------+----------------------------+-----
Stealth        | 1 3 4 5 7 9 10 | 10.0
Unarmed Combat | 4 5 6 7 8 |  8.5
Dodging        | 4 5 6 7 |  7.7
Fighting       | 4 5 6 |  6.1

Action                     |  1- 3 |  4- 6 |  7- 9 || total
---------------------------+-------+-------+-------++-------
  Melee: Unarmed           |   113 |   149 |   334 ||   596
         Bite              |     8 |    17 |    37 ||    62
         Punch             |     2 |     1 |    22 ||    25
    Use: Scroll            |       |     1 |       ||     1
         Potion            |       |       |     6 ||     6
   Stab: Sleeping          |     5 |    13 |     7 ||    25
         Distracted        |     1 |     2 |     5 ||     8
         Confused          |       |     2 |       ||     2
         Paralysed         |       |     2 |     1 ||     3
         Petrifying        |       |       |     2 ||     2
 Armour: Skin              |    32 |    40 |   111 ||   183
  Dodge: Dodged            |    68 |    97 |   262 ||   427
  Block: Other             |       |       |    42 ||    42

Levels and vault maps discovered:
D:1:      dpeg_arrival_circle_labyrinth_c, layout_basic
D:2:      layout_loops_ring, dreamdust_wishing_well, uniq_robin
D:3:      layout_basic, general_overflow_altar, uniq_jessica
D:4:      layout_gridville, marbit_many_paths,
          nicolae_wu_jian_immortal_techniques, gammafunk_ghost_arena,
          serial_forest, infiniplex_forest_lined_ring,
          infiniplex_forest_clump_small, infiniplex_forest_clump_large,
          infiniplex_forest_clump_small
D:5:      layout_basic, grunt_nemelex_the_gamble, nicolae_vehumet_altar_sigil,
          led_sif_pool, uniq_edmund, uniq_sigmund
D:6:      layout_cave_pods, overflow_temple_1_default, kennysheep_slug_shrine
D:7:      minmay_bubble_buster, layout_basic, xom_butterflies,
          nicolae_kikubaaqudgha_miasma_corner, minmay_temple_entry_antechambers,
          uniq_maurice, uniq_joseph
Temple:   corrupted_temple

Notes
Turn   | Place    | Note
-------+----------+-------------------------------------------
     0 | D:1      | tenshi1004 the Felid Chaos Knight began the quest for the
                  | Orb.
     0 | D:1      | Reached XP level 1. HP: 10/10 MP: 2/2
   168 | D:1      | XOM: divination: detect creatures
   180 | D:1      | HP: 1/10 [constriction (1)]
   316 | D:1      | XOM: divination: magic mapping
   345 | D:1      | HP: 1/10 [dart slug (2)]
   346 | D:1      | Reached XP level 2. HP: 2/14 MP: 3/3
   347 | D:1      | Killed from afar by a dart slug
   622 | D:1      | Reached XP level 3. HP: 17/17 MP: 4/4
   712 | D:2      | Noticed Robin
   727 | D:2      | XOM: cast spell 'Discord'
   833 | D:2      | XOM: butterfly on damage
   836 | D:2      | Killed Robin
   837 | D:2      | Reached skill level 1 in Stealth
  1003 | D:2      | XOM: polymorph kobold -> giant cockroach
  1118 | D:2      | Reached skill level 4 in Unarmed Combat
  1228 | D:2      | Reached XP level 4. HP: 21/21 MP: 5/5
  1389 | D:2      | XOM: summons 3 hostile demons
  1390 | D:2      | Noticed a red devil
  1394 | D:2      | Mangled by a red devil
  1609 | D:3      | Reached skill level 2 in Stealth
  1676 | D:3      | Reached skill level 4 in Dodging
  1855 | D:3      | Noticed Jessica
  1861 | D:3      | Killed Jessica
  2008 | D:3      | Found a burning altar of Makhleb.
  2047 | D:3      | Reached skill level 3 in Stealth
  2185 | D:4      | Found a transporter.
  2203 | D:4      | Reached XP level 5. HP: 22/24 MP: 6/6
  2345 | D:4      | XOM is BORED!
  2345 | D:4      | Noticed a phantom
  2345 | D:4      | XOM: 2-stop teleportation journey
  2346 | D:4      | XOM: chaos cloud
  2349 | D:4      | XOM: noise
  2355 | D:4      | XOM: summons 2 hostile shadow creatures
  2367 | D:4      | XOM: blink monster(s)
  2378 | D:4      | Identified the +0 helmet "Vipiunk" {Dex+2} (Xom gifted it
                  | to you on level 4 of the Dungeon)
  2378 | D:4      | XOM: god gift: +0 helmet "Vipiunk" {Dex+2}
  2411 | D:4      | XOM: enchant monster (good)
  2472 | D:4      | XOM: confuse monster(s)
  2479 | D:4      | Killed a phantom
  2592 | D:4      | Noticed a black bear
  2597 | D:4      | XOM: 1-stop teleportation journey
  2649 | D:4      | XOM: god gift: wand of roots (4)
  2657 | D:4      | Noticed SuckSex's ghost (amateur GrHu)
  2658 | D:4      | Noticed an acid dragon
  2660 | D:4      | Found a transporter.
  2702 | D:4      | Reached skill level 4 in Stealth
  2779 | D:4      | Gained mutation: You are covered in thick fur. (AC +2)
                  | [Felid growth]
  2779 | D:4      | Reached XP level 6. HP: 28/28 MP: 7/7
  2844 | D:4      | Found a glowing silver altar of Zin.
  2877 | D:4      | XOM: scenery: 1 doors open
  2885 | D:4      | Reached skill level 5 in Unarmed Combat
  3073 | D:4      | Found an ornate altar of the Wu Jian Council.
  3217 | D:5      | Entered Level 5 of the Dungeon
  3232 | D:5      | Reached skill level 4 in Fighting
  3339 | D:5      | Found a radiant altar of Vehumet.
  3445 | D:5      | Reached skill level 5 in Stealth
  3449 | D:5      | Reached skill level 5 in Dodging
  3508 | D:5      | XOM: enchant monster (good)
  3511 | D:5      | Reached XP level 7. HP: 32/32 MP: 8/8
  3549 | D:5      | XOM: cast spell 'Summon Cactus Giant'
  3558 | D:5      | Reached skill level 6 in Stealth
  3668 | D:5      | Found a shimmering blue altar of Sif Muna.
  3740 | D:5      | XOM: god gift: book of Lightning
  3754 | D:5      | XOM: cloud trail
  3869 | D:5      | Noticed Edmund
  3874 | D:5      | XOM: divination: magic mapping
  3880 | D:5      | XOM: cast spell 'Summon Small Mammal'
  3890 | D:5      | Edmund changed into Edmund the goblin
  3890 | D:5      | Noticed Edmund
  3890 | D:5      | XOM: polymorph Edmund -> Edmund the goblin
  3896 | D:5      | Killed Edmund the goblin
  3901 | D:5      | Reached skill level 6 in Unarmed Combat
  3994 | D:5      | Noticed Sigmund
  4026 | D:5      | Killed Sigmund
  4027 | D:5      | Reached skill level 7 in Stealth
  4027 | D:5      | Reached XP level 8. HP: 17/36 MP: 3/9
  4206 | D:5      | Found a sparkling altar of Nemelex Xobeh.
  4206 | D:5      | Found a transporter.
  4206 | D:5      | Noticed a gargoyle
  4286 | D:6      | XOM: summons friendly quasit
  4291 | D:6      | Reached skill level 6 in Dodging
  4304 | D:6      | Found a snail-covered altar of Cheibriados.
  4316 | D:6      | Reached skill level 5 in Fighting
  4372 | D:6      | XOM: give mutations
  4372 | D:6      | Gained mutation: You are strong-willed. (Will+) [Xom's
                  | grace]
  4372 | D:6      | Gained mutation: You are partially covered in large bone
                  | plates. (SH +4) [Xom's grace]
  4372 | D:6      | Gained mutation: You are partially covered in iridescent
                  | scales. (AC +2) [Xom's grace]
  4372 | D:6      | Gained mutation: You are mostly covered in iridescent
                  | scales. (AC +4) [Xom's grace]
  4510 | D:6      | Reached skill level 8 in Stealth
  4720 | D:6      | XOM: fog
  4735 | D:6      | XOM is BORED!
  4735 | D:6      | XOM: give mutations
  4735 | D:6      | Gained mutation: Your body sometimes deteriorates upon
                  | taking damage. [Xom's mischief]
  4735 | D:6      | Gained mutation: You occasionally shout uncontrollably at
                  | your foes. [Xom's mischief]
  4764 | D:6      | Reached skill level 7 in Unarmed Combat
  5036 | D:6      | Found a sacrificial altar of Ru.
  5057 | D:6      | XOM: cloud trail
  5092 | D:7      | XOM: polymorph ufetubus -> crimson imp
  5094 | D:7      | XOM: stat loss: -1 Str (7/8)
  5099 | D:7      | XOM: cleaving
  5132 | D:7      | Reached skill level 9 in Stealth
  5208 | D:7      | Noticed Joseph
  5225 | D:7      | XOM: smoke on damage
  5349 | D:7      | XOM: chaos upgrade
  5361 | D:6      | HP: 3/37 [Joseph/sling bullet (4)]
  5537 | D:7      | XOM: noise
  5698 | D:7      | XOM: blink monster(s)
  5758 | D:7      | Identified the +4 great sword of the Slime-mould
                  | {antimagic, Contam Int+3 Dex+9 SInv}
  5848 | D:7      | Reached XP level 9. HP: 35/40 MP: 8/10
  5854 | D:7      | Reached skill level 7 in Dodging
  5892 | D:7      | XOM: enchant monster (good)
  5906 | D:7      | XOM: silly message
  5946 | D:7      | Reached skill level 10 in Stealth
  5946 | D:7      | Reached skill level 8 in Unarmed Combat
  5971 | D:7      | XOM: noise
  6119 | D:7      | Noticed Maurice
  6130 | D:7      | XOM: butterfly on damage
  6130 | D:7      | XOM: smoke on damage
  6137 | D:7      | XOM: potion effect (heal wounds)
  6140 | D:7      | XOM: summons 2 friendly demons
  6141 | D:7      | Reached skill level 6 in Fighting
  6148 | D:7      | XOM: confusion (+ monsters)
  6167 | D:7      | Maurice stole a ring of wizardry
  6169 | D:7      | XOM: polymorph iron imp -> lemure
  6169 | D:7      | Maurice stole 428 gold
  6194 | D:7      | XOM: summons 2 hostile demons
  6195 | D:7      | Noticed a sun demon
  6195 | D:7      | Slain by a sun demon
  6196 | D:7      | Found a shimmering altar of Xom.
  6322 | D:7      | XOM: confusion
  6435 | D:7      | Found an ancient bone altar of Kikubaaqudgha.
  6538 | D:7      | Found a staircase to the Ecumenical Temple.
  6656 | Temple   | Entered the Ecumenical Temple
  6726 | D:7      | Maurice stole 3 gold
  6734 | D:7      | Maurice changed into Maurice the torpor snail
  6734 | D:7      | Noticed Maurice
  6734 | D:7      | XOM: polymorph Maurice -> Maurice the torpor snail
  6745 | D:7      | XOM: confusion
  6753 | D:7      | HP: 1/41 [Maurice the torpor snail (11)]
  6753 | D:7      | XOM: butterfly on damage
  6755 | D:7      | Demolished by Maurice the torpor snail

Vanquished Creatures
  Sigmund (D:5)
  A steam dragon (D:7)
  3 ice beasts
  2 black bears
  3 centaurs
  3 ogres (D:5)
  3 phantoms
  2 kobold brigands (D:7)
  A bullfrog (D:7)
  A scorpion (D:5)
  2 wights (D:7)
  A killer bee (D:7)
  A howler monkey (D:7)
  A crimson imp (D:7)
  3 hounds
  3 jellies
  4 sleepcaps
  Jessica (D:3)
  5 iguanas
  An orc wizard (D:7)
  Robin (D:2)
  3 adders
  3 shadow imps (D:7)
  An ufetubus (D:7)
  A worm (D:2)
  3 dart slugs
  20 orcs
  5 endoplasms
  4 giant cockroaches
  19 goblins
  9 hobgoblins
  10 jackals
  10 quokkas
  A ball python (D:1)
  5 bats
  5 frilled lizards
  6 kobolds
  4 rats
  A butterfly (D:7)
153 creatures vanquished.

Vanquished Creatures (collateral kills)
  An ogre (D:5)
  A wight (D:7)
  A hound (D:5)
  A jelly (D:6)
  A dart slug (D:6)
  A hobgoblin (D:2)
6 creatures vanquished.

Vanquished Creatures (others)
  An orc (D:4)
  2 goblins (D:2)
3 creatures vanquished.

Grand Total: 162 creatures vanquished

Table legend: (Time is in decaauts)
 A = Elapsed time spent in this place.
 B = Non-inter-level travel time spent in this place.
 C = Inter-level travel time spent in this place.
 D = Time resting spent in this place.
 E = Time spent auto-exploring this place.
 F = Levels seen in this place.
 G = Mean time per level.
                   A        B        C        D        E       F      G
               +--------+--------+--------+--------+--------+-----+--------+
         Total |   5742 |   5486 |    256 |    339 |   3682 |   8 |  717.8 |
       Dungeon |   5741 |   5485 |    256 |    339 |   3682 |   7 |  820.1 |
        Temple |      1 |      1 |      0 |      0 |      0 |   1 |    1.0 |
               +--------+--------+--------+--------+--------+-----+--------+

Top non-repeatable levels by time:
     D:7: 1153 daAuts
     D:6: 1011 daAuts
     D:5: 893 daAuts
     D:4: 874 daAuts
     D:2: 682 daAuts
     D:1: 595 daAuts
     D:3: 530 daAuts
  Temple: 1 daAuts

Table legend:
 A = Non-vault XP
 B = Vault XP
 C = Vault XP percentage of total XP
 D = Non-vault monster count
 E = Vault monster count
 F = Vault count percentage of total count
                 A         B        C        D         E       F
            +---------+---------+-------+---------+---------+-------
      Total |    2717 |    1266 |  31.8 |     130 |      28 |  17.7
            +---------+---------+-------+---------+---------+-------
        D:1 |      43 |       0 |   0.0 |      24 |       0 |   0.0
        D:2 |      30 |      33 |  52.4 |      15 |      11 |  42.3
        D:3 |      40 |      37 |  48.1 |      20 |       1 |   4.8
        D:4 |     326 |       3 |   0.9 |      21 |       1 |   4.5
        D:5 |     755 |     216 |  22.2 |      16 |       2 |  11.1
        D:6 |     645 |       4 |   0.6 |      15 |       1 |   6.2
        D:7 |     878 |     973 |  52.6 |      19 |      12 |  38.7
            +---------+---------+-------+---------+---------+-------
